 Dungeon Crawl Stone Soup version 0.30-a0-137-gd8773701ce (webtiles) character file.

Game seed: 8743820225401127770

2849 ryw the Trooper (level 9, -3/72 HPs)
             Began as a Demonspawn Monk on Sept 22, 2022.
             Was a High Priest of Cheibriados.
             Slain by a hornet (17 damage)
             ... on level 8 of the Dungeon on Sept 23, 2022.
             The game lasted 00:14:40 (8409 turns).

ryw the Trooper (Demonspawn Monk)                   Turns: 8409, Time: 00:14:41

Health: -3/72      AC:  3    Str: 28    XL:     9   Next: 46%
Magic:  16/16      EV: 17    Int: 22    God:    Cheibriados [*****.]
Gold:   460        SH:  5    Dex: 26    Spells: 14/18 levels left

rFire   . . .      SeeInvis .      - Unarmed
rCold   . . .      Faith    .    (no shield)
rNeg    . . .      Spirit   .    a - +1 robe
rPois   .          Reflect  +    (helmet restricted)
rElec   .          Harm     .    (cloak unavailable)
rCorr   .          Rampage  .    (no gloves)
Will    .....                    (no boots)
Stlth   +++.......               d - amulet of reflection
HPRegen 0.22/turn                (no ring)
MPRegen 0.15/turn                (no ring)

@: lethally poisoned (-3 -> -8), very slow
A: hooves 1, horns 2, powered by death 1, weakness stinger 3
a: Renounce Religion, Bend Time, Temporal Distortion, Slouch, Step From Time


You were on level 8 of the Dungeon.
You worshipped Cheibriados.
Cheibriados was extremely pleased with you.
You visited 1 branch of the dungeon, and saw 8 of its levels.

You collected 460 gold pieces.

Inventory:

Missiles
 w - 19 poisoned darts (quivered)
 A - 3 silver javelins
Armour
 a - a +1 robe (worn)
 p - a +0 leather armour
Jewellery
 d - an amulet of reflection (around neck)
 x - an amulet of regeneration
Wands
 q - a wand of flame (27)
 y - a wand of iceblast (5)
Scrolls
 g - a scroll of poison
 h - a scroll of enchant armour
 i - 2 scrolls of magic mapping
 j - a scroll of fear
Potions
 b - a potion of ambrosia
 e - 2 potions of flight
 f - 2 potions of brilliance
 n - 3 potions of attraction {unknown}
 v - a potion of heal wounds {unknown}
 z - a potion of lignification {unknown}


   Skills:
 + Level 7.3 Fighting
 + Level 6.2 Dodging
 - Level 1.7 Stealth
 - Level 0.2 Shields
 + Level 7.2 Unarmed Combat
 - Level 5.0 Spellcasting
 + Level 1.8 Summonings


You had 14 spell levels left.
You knew the following spells:

 Your Spells              Type           Power      Damage    Failure   Level
a - Summon Small Mammal   Summ           52%        N/A       4%          1
b - Call Canine Familiar  Summ           13%        N/A       14%         3

Your spell library contained the following spells:

 Spells                   Type           Power      Damage    Failure   Level
 Freeze                   Ice            20%        1d4       10%         1
 Necrotise                Necr           20%        1d5       10%         1
 Slow                     Hex            20%        N/A       10%         1
 Sting                    Tmut/Pois      20%        1d4       10%         1
 Poisonous Vapours        Pois/Air       10%        N/A       16%         2
 Summon Guardian Golem    Hex/Summ       9%         N/A       22%         3
 Confusing Touch          Hex            5%         N/A       30%         3
 Frozen Ramparts          Ice            10%        1d2       30%         3
 Ozocubu's Armour         Ice            5%         N/A       30%         3
 Portal Projectile        Hex/Tloc       10%        N/A       30%         3
 Vampiric Draining        Necr           5%         2d6       30%         3
 Hailstorm                Conj/Ice       5%         3d4       69%         4
 Leda's Liquefaction      Hex/Erth       2%         N/A       69%         4
 Olgreb's Toxic Radiance  Pois           5%         N/A       69%         4
 Agony                    Necr           5%         N/A       95%         5
 Alistair's Intoxication  Tmut/Pois      3%         N/A       95%         5
 Borgnjor's Vile Clutch   Necr/Erth      2%         N/A       95%         5
 Eringya's Noxious Bog    Tmut/Pois      2%         N/A       100%        6
 Ozocubu's Refrigeration  Ice            2%         4d8       100%        7


Dungeon Overview and Level Annotations

Branches:
Dungeon (8/15)             Temple (0/1) D:5
   Lair: D:8-11

Altars:
Cheibriados
Gozag
Makhleb
Qazlal

Annotations:
D:5 1 runed translucent door, Crazy Yiuf
D:7 1 runed translucent door, EyeSee2020's ghost, novice MiFi


Innate Abilities, Weirdness & Mutations

You have large cloven feet.
You have a pair of horns on your head.
You regenerate a little health from kills.
You have a sharp stinger which inflicts weakening toxins.


Message History

The hornet closely misses you. The hornet barely misses you.
You barely miss the hornet. You kick the hornet, but do no damage.
The hornet is moderately wounded.
You block the hornet's attack.
You miss the hornet. Your kick misses the hornet.
You punch the hornet, but do no damage.
The hornet is lightly wounded.
The hornet stings you.
You feel yourself slow down.
You miss the hornet.
You tail-slap the hornet, but do no damage.
The hornet is lightly wounded.
You feel yourself speed up. The hornet completely misses you.
The hornet barely misses you.
You closely miss the hornet. You kick the hornet.
Your headbutt misses the hornet.
The hornet is moderately wounded.
The hornet misses you.
You punch the hornet!
The hornet is severely wounded.
The hornet stings you!
You are poisoned.
You feel yourself slow down. The hornet stings you.
You suddenly lose the ability to move!
You feel yourself speed up.
You feel sick. The hornet stings you!
You feel yourself slow down.
You feel yourself speed up.
You feel sick. The hornet stings you!
* * * LOW HITPOINT WARNING * * *
You feel yourself slow down. The hornet stings you.
* * * LOW HITPOINT WARNING * * *
You feel as though you will be slow longer.
You can move again.
You are too injured to fight recklessly!
Unknown command.
It was a potion of cancellation.
Your magical effects are unravelling.
You feel magically purged.
You feel yourself speed up.
You feel sick. You block the hornet's attack. The hornet stings you!
You die...

#### ...
#.## #@#
##y5.....
#Y#####
.# . #.
<. ..


You could see a yak, a hornet and a shadow imp.

Vanquished Creatures
  Pikel (D:6)
  3 yaks (D:8)
  Eustachio (D:5)
  2 water moccasins (D:7)
  A black bear (D:5)
  An ice beast (D:5)
  2 ogres
  A kobold brigand (D:7)
  A gnoll sergeant (D:6)
  2 bullfrogs
  4 scorpions
  A necrophage (D:5)
  A howler monkey (D:6)
  4 jellies
  5 orc priests
  4 hounds
  An iguana (D:7)
  2 orc wizards (D:5)
  5 gnolls (D:6)
  6 adders
  A shadow imp (D:5)
  5 ufetubi
  2 worms
  3 dart slugs
  10 orcs
  4 ball pythons
  3 bats
  6 endoplasms
  6 giant cockroaches
  9 goblins
  4 hobgoblins
  3 jackals (D:1)
  5 quokkas
  2 frilled lizards (D:1)
  9 kobolds
  4 rats
124 creatures vanquished.

Vanquished Creatures (others)
  6 fungi (D:4)
6 creatures vanquished.

Grand Total: 130 creatures vanquished

Notes
Turn   | Place    | Note
-------+----------+-------------------------------------------
     0 | D:1      | ryw the Demonspawn Monk began the quest for the Orb.
     0 | D:1      | Reached XP level 1. HP: 18/18 MP: 1/1
   223 | D:1      | Discovered your monstrous ancestry.
   223 | D:1      | Gained mutation: You have a small tail. [demonic ancestry]
   223 | D:1      | Reached XP level 2. HP: 16/24 MP: 2/2
   396 | D:1      | Found a faded altar of an unknown god.
   502 | D:1      | Prayed at the altar of an unknown god.
   502 | D:1      | Became a worshipper of Cheibriados the Contemplative
   502 | D:1      | Reached * piety under Cheibriados
   502 | D:1      | Reached ** piety under Cheibriados
  1264 | D:2      | Gained mutation: You have a tail ending in a sharp stinger.
                  | [demonic ancestry]
  1264 | D:2      | Reached XP level 3. HP: 15/30 MP: 3/3
  1541 | D:2      | Reached *** piety under Cheibriados
  2685 | D:3      | Found an opulent altar of Gozag.
  2726 | D:3      | Learned a level 1 spell: Summon Small Mammal
  3048 | D:3      | Gained mutation: You have a pair of small horns on your
                  | head. [demonic ancestry]
  3048 | D:3      | Reached XP level 4. HP: 36/37 MP: 4/4
  4085 | D:4      | Gained mutation: You have a pair of horns on your head.
                  | [demonic ancestry]
  4085 | D:4      | Reached XP level 5. HP: 33/43 MP: 5/5
  4381 | D:4      | Noticed an ogre
  4392 | D:4      | Killed an ogre
  4392 | D:4      | Reached **** piety under Cheibriados
  4755 | D:5      | Entered Level 5 of the Dungeon
  4765 | D:5      | Noticed Eustachio
  4835 | D:5      | Gained mutation: You have a sharp stinger which inflicts
                  | weakening toxins. [demonic ancestry]
  4835 | D:5      | Reached XP level 6. HP: 46/49 MP: 6/6
  4885 | D:5      | Reached skill level 5 in Unarmed Combat
  5379 | D:5      | Noticed an ice beast
  5390 | D:5      | Killed an ice beast
  5391 | D:5      | Reached skill level 5 in Fighting
  5434 | D:5      | Gained mutation: You have large cloven feet. [demonic
                  | ancestry]
  5434 | D:5      | Reached XP level 7. HP: 50/56 MP: 7/7
  5647 | D:5      | Found a staircase to the Ecumenical Temple.
  5703 | D:5      | Killed Eustachio
  6056 | D:5      | Found a runed translucent door.
  6057 | D:5      | Noticed Crazy Yiuf
  6170 | D:6      | Reached skill level 5 in Dodging
  6170 | D:6      | Reached XP level 8. HP: 52/64 MP: 8/8
  6280 | D:6      | Reached skill level 1 in Spellcasting
  6292 | D:6      | Reached ***** piety under Cheibriados
  6332 | D:6      | Learned a level 3 spell: Call Canine Familiar
  6931 | D:6      | Noticed Pikel
  6942 | D:6      | Killed Pikel
  7255 | D:7      | Found a runed translucent door.
  7255 | D:7      | Noticed EyeSee2020's ghost (novice MiFi)
  7302 | D:7      | Gained mutation: You regenerate a little health from kills.
                  | [demonic ancestry]
  7302 | D:7      | Reached XP level 9. HP: 12/71 MP: 13/15
  7996 | D:7      | Found a stormy altar of Qazlal.
  7996 | D:7      | Found a burning altar of Makhleb.
  8041 | D:7      | Reached skill level 1 in Summonings
  8400 | D:8      | Reached skill level 5 in Spellcasting
  8406 | D:8      | Paralysed by a hornet for 2 turns
  8409 | D:8      | Slain by a hornet

Illustrated notes

Levels and vault maps discovered:
D:1:      elethiomel_arrival_maze, layout_basic, basic_ecumenical_altar
D:2:      layout_basic
D:3:      layout_basic, nicolae_gozag_seed_capital
D:4:      layout_basic, serial_aquarium, aquarium_bridge_long_separate
          [aquarium_subvault_bridge, aquarium_subvault_balcony,
          aquarium_subvault_window, aquarium_subvault_bridge,
          aquarium_subvault_wall, aquarium_subvault_bridge], aquarium_window_1,
          aquarium_window_1, aquarium_view_2d, aquarium_view_2c,
          aquarium_balcony_5a, aquarium_pool_1, minivault_27, minivault_26
D:5:      layout_basic, zin_treasury, minmay_temple_entry_trees, uniq_eustachio,
          uniq_crazy_yiuf_cottage
D:6:      layout_loops_ring, uniq_pikel
D:7:      layout_loops_corners, jmf_multi_god_temple,
          mainiacjoe_overflow_24_doors, hellmonk_ghost_happy_afterlife
D:8:      layout_loops_cross

Skill      XL: |  1  2  3  4  5  6  7  8  9 |
---------------+----------------------------+-----
Fighting       | 4 5 6 7 |  7.3
Unarmed Combat | 3 4 5 6 7 |  7.2
Dodging        | 3 4 5 6 |  6.2
Spellcasting   | 4 5 |  5.0
Summonings     | 1 |  1.8
Stealth        | |  1.7
Shields        | |  0.2

Action                   |  1- 3 |  4- 6 |  7- 9 || total
-------------------------+-------+-------+-------++-------
Melee: Unarmed           |   138 |    86 |   159 ||   383
       Punch             |     1 |     4 |     7 ||    12
       Tailslap          |    14 |    12 |    23 ||    49
       Headbutt          |       |    21 |    31 ||    52
       Kick              |       |       |    56 ||    56
  Use: Potion            |     2 |       |     2 ||     4
       Scroll            |       |       |    14 ||    14
 Stab: Sleeping          |     5 |     6 |     3 ||    14
       Distracted        |       |     1 |       ||     1
Armor: Robe              |    16 |     4 |    13 ||    33
Dodge: Dodged            |    89 |    47 |   144 ||   280
Block: Other             |     3 |    14 |    46 ||    63
       Reflection        |       |     2 |       ||     2

Table legend: (Time is in decaauts)
 A = Elapsed time spent in this place.
 B = Non-inter-level travel time spent in this place.
 C = Inter-level travel time spent in this place.
 D = Time resting spent in this place.
 E = Time spent auto-exploring this place.
 F = Levels seen in this place.
 G = Mean time per level.
                   A        B        C        D        E       F      G
               +--------+--------+--------+--------+--------+-----+--------+
         Total |  11341 |  10748 |    593 |   1454 |   7757 |   8 | 1417.6 |
       Dungeon |  11341 |  10748 |    593 |   1454 |   7757 |   8 | 1417.6 |
               +--------+--------+--------+--------+--------+-----+--------+

Top non-repeatable levels by time:
     D:4: 1930 daAuts
     D:6: 1757 daAuts
     D:5: 1734 daAuts
     D:2: 1689 daAuts
     D:3: 1534 daAuts
     D:1: 1468 daAuts
     D:7: 1206 daAuts
     D:8: 19 daAuts
